 Dungeon Crawl Stone Soup version 0.27.1-33-g824d729ab1 (webtiles) character file.

Game seed: 7226881198107140066

334 anestheticheart the Skirmisher (level 6, -2/49 HPs)
             Began as a Demonspawn Fighter on Dec 12, 2021.
             Slain by a steam dragon (7 damage)
             ... on level 3 of the Dungeon.
             The game lasted 00:16:51 (2892 turns).

anestheticheart the Skirmisher (Demonspawn Fighter) Turns: 2892, Time: 00:16:52

Health: -2/49      AC:  9    Str: 18    XL:     6   Next: 27%
Magic:  6/6        EV:  7    Int:  9    God:
Gold:   179        SH: 14    Dex: 13    Spells: 5/5 levels left

rFire    . . .     SeeInvis .   a - +0 war axe
rCold    . . .     Faith    .   c - +0 kite shield
rNeg     . . .     Spirit   .   b - +0 scale mail
rPois    .         Reflect  +   (no helmet)
rElec    .         Harm     .   n - +0 cloak
rCorr    .         Rampage  .   h - +0 pair of gloves
Will     .....                  (no boots)
Stlth    ..........             k - amulet of reflection
HPRegen  0.16/turn              (no ring)
MPRegen  0.10/turn              (no ring)

@: silenced, hasted, very quick
A: claws 1, spiny 1, demonic magic 1
a: no special abilities


You were on level 3 of the Dungeon.
You visited 1 branch of the dungeon, and saw 3 of its levels.

You collected 179 gold pieces.

Inventory:

Hand Weapons
 a - a +0 war axe (weapon)
 e - a +1 dagger of protection
Missiles
 d - 12 poisoned darts
 g - 48 stones (quivered)
Armour
 b - a +0 scale mail (worn)
 c - a +0 kite shield (worn)
 h - a +0 pair of gloves (worn)
 n - a +0 cloak (worn)
Jewellery
 k - an amulet of reflection (around neck)
Scrolls
 f - 4 scrolls of identify {unknown}
 m - a scroll of blinking {unknown}
Potions
 i - 2 potions of curing


   Skills:
 + Level 4.4 Fighting
 + Level 3.3 Axes
 + Level 4.0 Armour
 + Level 3.9 Shields


You had 5 spell levels left.
You didn't know any spells.
Your spell library contained the following spells:

 Spells                   Type           Power      Damage    Failure   Level
 Magic Dart               Conj           0%         1d3       99%         1
 Shock                    Conj/Air       0%         1d3       99%         1
 Call Imp                 Summ           0%         N/A       100%        2
 Mephitic Cloud           Conj/Pois/Air  0%         N/A       100%        3
 Swiftness                Air            0%         N/A       100%        3
 Airstrike                Air            0%         N/A       100%        4


Dungeon Overview and Level Annotations

Branches:
Dungeon (3/15)

Altars:


Innate Abilities, Weirdness & Mutations

You have sharp fingernails.
You are partially covered in sharp spines.
Spells you cast may paralyse adjacent enemies.


Message History

You are too confused!
You're too confused to move!
You bump into the rock wall.
The orc wizard closely misses you.
A steam dragon comes into view.
Found a scroll labelled KOSKIU YLOTS.
The steam dragon hisses angrily.
The steam dragon breathes steam at you. The ball of steam misses you.
You feel better.
You are engulfed in a cloud of scalding steam.
The orc wizard hits you but does no damage.
You are engulfed in a cloud of scalding steam.
The orc wizard hits you with a +0 dagger.
The orc wizard is struck by your spines.
The orc wizard hits you but does no damage.
The steam dragon breathes steam at you. The ball of steam hits you!
The orc wizard gestures at you while chanting.
The magic dart hits you.
Items here: ( )) [[ ††.
The steam dragon breathes steam at you. The ball of steam hits you!
* * * LOW HITPOINT WARNING * * *
There are no items here.
Sorry, you're not good enough to have a special ability.
Unknown command.
You are engulfed in a cloud of scalding steam.
You see here a hobgoblin corpse.
You are engulfed in a cloud of scalding steam.
It was a potion of haste.
You feel yourself speed up.
You feel better.
You barely miss the steam dragon. The steam dragon breathes steam at you.
The ball of steam hits you!
* * * LOW HITPOINT WARNING * * *
As you read the scroll labelled CAVEKKAETI, it crumbles to dust.
A profound silence engulfs you.
It was a scroll of silence.
You are engulfed in a cloud of scalding steam.
The steam dragon bites you!
You die...

. #.#.##### #.#......
#.>...### #####.#
#.### #.#.. #.#.#
#.################.#.#
#.#.D@§§........##.#..
..#.###########.##..#.
#.#§# #.....### #
#.#§# #..###.#.
#.#.#)# #..# ##)#
#.#.#D####### #..# #.#
#..#.D((.((.# #..# #.#
#......##.# #..####.#
#.?........§§....
.[.......


You could see a steam dragon (catching breath).

Vanquished Creatures
  Sigmund (D:1)
  A hornet zombie (D:3)
  3 adders
  A worm (D:2)
  A dart slug (D:1)
  8 orcs
  5 bats
  6 endoplasms
  6 goblins
  2 hobgoblins
  6 kobolds
  7 ball pythons
  5 frilled lizards
  5 rats
57 creatures vanquished.

Notes
Turn   | Place    | Note
-------+----------+-------------------------------------------
     0 | D:1      | anestheticheart the Demonspawn Fighter began the quest for
                  | the Orb.
     0 | D:1      | Reached XP level 1. HP: 18/18 MP: 1/1
   480 | D:1      | Gained mutation: You are partially covered in sharp spines.
                  | [demonic ancestry]
   480 | D:1      | Reached XP level 2. HP: 18/24 MP: 2/2
  1147 | D:2      | Noticed Sigmund
  1381 | D:2      | Found a faded altar of an unknown god.
  1464 | D:1      | Killed Sigmund
  1465 | D:1      | Gained mutation: Spells you cast may paralyse adjacent
                  | enemies. [demonic ancestry]
  1465 | D:1      | Reached XP level 3. HP: 20/30 MP: 3/3
  1465 | D:1      | Gained mutation: You have sharp fingernails. [demonic
                  | ancestry]
  1465 | D:1      | Reached XP level 4. HP: 25/37 MP: 4/4
  1465 | D:1      | Reached XP level 5. HP: 29/42 MP: 5/5
  2230 | D:3      | Reached XP level 6. HP: 15/49 MP: 6/6
  2878 | D:3      | Noticed a steam dragon
  2892 | D:3      | Slain by a steam dragon

Illustrated notes

Levels and vault maps discovered:
D:1:      dpeg_arrival_short_road, layout_basic
D:2:      layout_rooms, dreamdust_ecumenical_altar_statues, minmay_pentomino_u2,
          uniq_sigmund
D:3:      layout_loops_ring

Skill      XL: |  1  2  3  4  5  6 |
---------------+-------------------+-----
Axes           | 2 3 |  3.3
Armour         | 3 4 |  4.0
Fighting       | 4 |  4.4
Shields        | 3 |  3.9

Action                   |  1- 3 |  4- 6 || total
-------------------------+-------+-------++-------
Melee: War axe           |    67 |    92 ||   159
Throw: Stone             |       |     7 ||     7
  Use: Potion            |     1 |     3 ||     4
       Scroll            |       |     1 ||     1
Armor: Scale mail        |    35 |    30 ||    65
Dodge: Dodged            |    11 |    24 ||    35
Block: Kite shield       |    41 |    51 ||    92
